Cogmind - Beta 10.1 @@@ ROGUE MODE // 2020.10.02 @ 13:12:59 Player: 3.14 Result: Self-destructed Performance ------------- Evolutions (1) 500 Regions Visited (4) 800 Robots Destroyed (63) 315 Value Destroyed (1100) 1100 Prototype IDs (2) 40 Alien Tech Used (0) 0 Bonus (0) 0 TOTAL SCORE: 2755 Bonus ------- None Cogmind --------- Core Integrity 287/400 Matter 272/300 Energy 250/250 System Corruption 0% Temperature Cool (9) Movement Treading (160) Location -9/Storage Parts ------- > --- POWER (1) -------- Ion Engine > --- PROPULSION (2) --- Light Treads Light Treads > --- UTILITY (4) ------ Improved Heat Sink Small Storage Unit Medium Storage Unit Improved Light Armor Plating > --- WEAPON (2) ------- Light Assault Rifle Heavy Assault Rifle > --- INVENTORY (10) --- Light Treads Light Treads Light Treads Light Treads Light Treads Combat Airjet Combat Airjet Combat Airjet Light Assault Rifle Rocket Launcher Peak State ------------ > --- POWER ------------ Ion Engine > --- PROPULSION ------- Light Treads Light Treads > --- UTILITY ---------- Improved Heat Sink Small Storage Unit Medium Storage Unit Improved Light Armor Plating > --- WEAPON ----------- Particle Gun Particle Gun > --- INVENTORY -------- Light Treads Light Treads Light Treads Combat Airjet Combat Airjet Combat Airjet Particle Gun Light Assault Rifle Rocket Launcher [Rating: 17] Favorites ----------- Power Ion Engine Engine Ion Engine Propulsion Light Treads Treads Light Treads Leg Aluminum Leg Utility Small Storage Unit Device Improved Heat Sink Storage Small Storage Unit Protection Improved Light Armor Plating Weapon Beam Cannon Energy Gun Particle Gun Energy Cannon Beam Cannon Ballistic Gun Light Assault Rifle Ballistic Cannon Light Cannon Launcher Grenade Launcher Build | -11 -10 -10 -9 -9 ------- Run | Scr Mat Min Mat Sto Slots Evolved 2 | . . . 2 . Power . | . . . . . Propulsion . | . . . . . Utility 2 | . . . 2 . Weapon . | . . . . . Parts Attached 38 | 7 10 4 6 11 Power 4 | 1 2 1 . . Engine 4 | 1 2 1 . . Core . | . . . . . Reactor . | . . . . . Propulsion 10 | 2 3 . . 5 Treads 9 | 2 2 . . 5 Leg 1 | . 1 . . . Wheel . | . . . . . Hover . | . . . . . Flight . | . . . . . Utility 7 | 2 1 . 2 2 Device 1 | . . . 1 . Storage 5 | 2 1 . . 2 Processor . | . . . . . Hackware . | . . . . . Protection 1 | . . . 1 . Artifact . | . . . . . Weapon 17 | 2 4 3 4 4 Energy Gun 6 | 2 . . 2 2 Energy Cannon 5 | . 2 1 2 . Ballistic Gun 4 | . 1 1 . 2 Ballistic Cannon 1 | . 1 . . . Launcher 1 | . . 1 . . Special Weapon . | . . . . . Impact Weapon . | . . . . . Slashing Weapon . | . . . . . Piercing Weapon . | . . . . . Special Melee Weapon . | . . . . . Unidentified Prototypes . | . . . . . Parts Lost 5 | . 1 3 . 1 Power 1 | . . 1 . . Propulsion 1 | . 1 . . . Utility . | . . . . . Weapon 3 | . . 2 . 1 Highest Loss Streak 3 | . 1 3 . 1 Average Slot Usage (%) 99 | . 100 97 98 99 Engine 12 | . 14 13 11 11 Treads 25 | . 27 28 22 22 Device 4 | . . . 10 11 Storage 25 | . 28 28 22 22 Protection 4 | . . . 10 11 Energy Gun 6 | . 7 . 5 10 Energy Cannon 10 | . 10 12 16 1 Ballistic Gun 7 | . 7 12 . 9 Naked Turns . | . . . . . Heaviest Build 27 | 16 21 21 27 27 Greatest Support 40 | 40 40 40 40 40 Greatest Overweight (x) 1 | . 1 . . . Average Overweight (x) . | . . . . . Largest Inventory Capacity 10 | 8 10 10 10 10 Average Capacity 9 | 6 9 10 10 10 Most Carried 10 | 4 10 10 10 10 Average Carried 8 | 2 7 9 9 9 Final Capacity 10 | 8 10 10 10 10 Final Carried 10 | 4 10 10 10 10 Class Distribution -------------------- 59% | Mutant 40% | Scavenger-Mutant Dominant Class ---------------- Mutant | -10/Materials Mutant | -10/Mines Scavenger-Mutant | -9/Materials Scavenger-Mutant | -9/Storage Resources | -11 -10 -10 -9 -9 ----------- Run | Scr Mat Min Mat Sto Matter Collected 856 | 270 202 112 60 212 Remotely . | . . . . . Salvage Created 1941 | 85 604 168 298 786 Parts 104 | 4 31 5 28 36 Haulers Intercepted 5 | . 2 . 2 1 Recyclers Shooed 7 | . 1 1 1 4 Parts Field Recycled . | . . . . . Retrieved Matter . | . . . . . Parts Self-Destructed . | . . . . . Prevented . | . . . . . Kills | -11 -10 -10 -9 -9 ------- Run | Scr Mat Min Mat Sto Combat Hostiles Destroyed 47 | . 13 18 5 11 Guns 12 | . . 1 1 10 Cannons 18 | . 13 . 4 1 AOE 17 | . . 17 . . Classes Destroyed 9 | 2 3 1 2 1 Worker 3 | 1 . 2 . . Hauler 5 | . 2 . 2 1 Recycler 6 | 1 . 1 . 4 Watcher 2 | . 1 . 1 . Swarmer 3 | . . . 1 2 Grunt 21 | . 13 . 3 5 Brawler 1 | . . . . 1 Sentry 4 | . . . 1 3 Assembled 18 | . . 18 . . Best Kill Streak 19 | 1 4 19 3 5 Combat Bots Only 17 | . 4 17 2 4 Max Kills in Single Turn 7 | 1 1 7 1 2 Gunslinging . | . . . . . Exploded 7 | . . 7 . . Melee . | . . . . . Uniques/NPCs Destroyed . | . . . . . Combat | -11 -10 -10 -9 -9 -------- Run | Scr Mat Min Mat Sto Damage Taken 1702 | . 554 389 143 616 Core 216 | . 71 32 18 95 Absorbed by Shields . | . . . . . Core Remaining (%) 79 | 100 . 58 . . Volleys Fired 142 | 4 54 14 16 54 Largest 2 | 2 2 2 2 2 Hottest 130 | 90 80 80 125 130 Shots Fired 217 | 8 55 20 32 102 Gun 115 | 8 2 6 8 91 Cannon 94 | . 53 6 24 11 Launcher 8 | . . 8 . . Special . | . . . . . Kinetic 89 | . 30 6 . 53 Thermal 120 | 8 25 6 32 49 Explosive 8 | . . 8 . . Electromagnetic . | . . . . . Robot Hit Streak 17 | 4 16 7 6 17 Robot Miss Streak 4 | 1 2 2 4 3 Penetration Max . | . . . . . Secondary Targets 1 | . . . . 1 Max Gunslinging Chain 1 | . . . . 1 Shots Hit Robots 157 | 6 43 14 17 77 Core Hits 93 | 3 19 37 9 25 Critical Hits . | . . . . . Critical Kills . | . . . . . Critical Parts Destroyed . | . . . . . Melee Attacks . | . . . . . Impact . | . . . . . Slashing . | . . . . . Piercing . | . . . . . Sneak Attacks . | . . . . . Combat Hostiles . | . . . . . Follow-up Attacks . | . . . . . Damage Inflicted 3262 | 72 778 1094 229 1089 Guns 1037 | 72 . 15 17 933 Cannons 1212 | . 776 70 212 154 Explosions 986 | . . 986 . . Melee . | . . . . . Ramming 27 | . 2 23 . 2 Kinetic 953 | . 423 15 . 515 Thermal 1296 | 72 353 70 229 572 Explosive 986 | . . 986 . . Electromagnetic . | . . . . . Impact . | . . . . . Slashing . | . . . . . Piercing . | . . . . . Highest Corruption . | . . . . . Average Corruption . | . . . . . Corruption Purged . | . . . . . Overload Shots . | . . . . . Overflow Damage 83 | . 25 52 . 6 Projectiles 31 | . 25 . . 6 Explosions 52 | . . 52 . . Melee . | . . . . . Knockbacks 12 | . 11 1 . . Impact 1 | . . 1 . . Kinetic 8 | . 8 . . . Secondary 3 | . 3 . . . Self-Inflicted Damage 137 | . . 137 . . Shots 5 | . . 5 . . Rammed 4 | . 1 2 . 1 Targets Rammed 4 | . 1 2 . 1 Kicked . | . . . . . Crushed . | . . . . . Highest Temperature 186 | 60 186 160 90 90 Average Temperature 42 | 25 44 79 27 37 Received Heat Transfer 584 | . 324 20 45 195 Siege Activations . | . . . . . Robots Corrupted . | . . . . . Combat Hostiles . | . . . . . Parts Fried . | . . . . . Impact Corruptions . | . . . . . Robots Melted . | . . . . . Combat Hostiles . | . . . . . Parts Melted 4 | . 1 . 2 1 Heat Transferred 2887 | 186 740 148 481 1332 Parts Sabotaged . | . . . . . Parts Stolen . | . . . . . Parts Stripped . | . . . . . Power Chain Reactions . | . . . . . Missiles Intercepted . | . . . . . Alert | -11 -10 -10 -9 -9 ------- Run | Scr Mat Min Mat Sto Peak Influence 348 | 10 345 85 253 348 Initial 106 | . 6 85 27 106 Average 151 | 1 173 78 123 216 Maximum Alert Level 1 | . 1 . 1 1 Low Security (%) 73 | 100 71 100 90 40 Level 1 26 | . 28 . 9 59 Level 2 . | . . . . . Level 3 . | . . . . . Level 4 . | . . . . . Level 5 . | . . . . . High Security . | . . . . . Max Security . | . . . . . Squads Dispatched 8 | . 4 . 1 3 Investigation 2 | . 1 . . 1 Extermination . | . . . . . Reinforcement 4 | . 3 . 1 . Assault . | . . . . . Garrison 2 | . . . . 2 Intercept . | . . . . . Construction Impeded . | . . . . . Haulers Reinforced . | . . . . . Stealth | -11 -10 -10 -9 -9 --------- Run | Scr Mat Min Mat Sto Distress Signals 6 | . 3 . 3 . Communications Jammed . | . . . . . Distress Signals . | . . . . . Times Spotted 64 | . 20 16 11 17 Peak Tracking Total 16 | . 4 16 3 6 Tactical Retreats 2 | . 1 . . 1 Traps | -11 -10 -10 -9 -9 ------- Run | Scr Mat Min Mat Sto Traps Triggered . | . . . . . Indirectly . | . . . . . Trap Hack Attempts . | . . . . . Triggered . | . . . . . Disarmed . | . . . . . Reprogrammed . | . . . . . Reused . | . . . . . Traps Extracted . | . . . . . Installed . | . . . . . Triggered . | . . . . . Machines | -11 -10 -10 -9 -9 ---------- Run | Scr Mat Min Mat Sto Machines Disabled 2 | . . . 1 1 Max in Single Turn 1 | . . . 1 1 Machines Sabotaged . | . . . . . Garrisons Compromised . | . . . . . Overloaded Fab Kills . | . . . . . Fab Network Shutdowns . | . . . . . Hacking | -11 -10 -10 -9 -9 --------- Run | Scr Mat Min Mat Sto Machines Accessed 8 | . 3 . 1 4 Terminals 5 | . 1 . 1 3 Fabricators . | . . . . . Repair Stations 1 | . 1 . . . Recycling Units 2 | . 1 . . 1 Scanalyzers . | . . . . . Garrison Access . | . . . . . Total Hacks 25 | . 7 . 3 15 Successful 14 | . 5 . 2 7 Failed 11 | . 2 . 1 8 Catastrophic 3 | . . . . 3 Database Lockouts . | . . . . . Manual 16 | . 3 . 1 12 Terminals 21 | . 4 . 3 14 Fabricators . | . . . . . Repair Stations 2 | . 2 . . . Recycling Units 2 | . 1 . . 1 Scanalyzers . | . . . . . Garrison Access . | . . . . . Terminal Hacks 8 | . 2 . 2 4 Robot Analysis 1 | . 1 . . . Prototype ID Bank 2 | . 1 . 1 . Open Door 1 | . . . . 1 Branch Access Points 1 | . . . . 1 Terminal Index 1 | . . . 1 . Unreport Threat 1 | . . . . 1 Recall Investigation 1 | . . . . 1 Fabricator Hacks . | . . . . . Repair Station Hacks 2 | . 2 . . . Scan Component 1 | . 1 . . . Repair 1 | . 1 . . . Recycling Unit Hacks . | . . . . . Scanalyzer . | . . . . . Garrison Access Hacks . | . . . . . Unauthorized Hacks 4 | . 1 . . 3 Terminals 2 | . . . . 2 Botnet 2 | . . . . 2 Fabricators . | . . . . . Repair Stations . | . . . . . Recycling Units 2 | . 1 . . 1 Tunnel 2 | . 1 . . 1 Scanalyzers . | . . . . . Garrison Access . | . . . . . Data Cores Recovered . | . . . . . Used . | . . . . . Hacking Detections 6 | . 2 . 1 3 Full Trace Events . | . . . . . Feedback Events . | . . . . . Feedback Blocked . | . . . . . Robot Schematics Acquired . | . . . . . Robots Built . | . . . . . Matter . | . . . . . Time . | . . . . . Total Robot Build Rating . | . . . . . Part Schematics Acquired . | . . . . . Parts Built . | . . . . . Matter . | . . . . . Time . | . . . . . Total Part Build Rating . | . . . . . Parts Repaired 1 | . 1 . . . Time 26 | . 26 . . . Parts Recycled . | . . . . . Recycled Matter . | . . . . . Retrieved Matter . | . . . . . Retrieved Components . | . . . . . Parts Scanalyzed . | . . . . . Part Schematics Acquired . | . . . . . Parts Damaged . | . . . . . Bothacking | -11 -10 -10 -9 -9 ------------ Run | Scr Mat Min Mat Sto Used RIF Installer . | . . . . . Robots Hacked . | . . . . . Non-combat . | . . . . . Combat . | . . . . . Robot Hacks Applied . | . . . . . Relay Couplers Released . | . . . . . Robots Rewired . | . . . . . Allies Hacked . | . . . . . Hacks Repelled . | . . . . . Allies | -11 -10 -10 -9 -9 -------- Run | Scr Mat Min Mat Sto Total Allies . | . . . . . Largest Group . | . . . . . Highest-Rated Group . | . . . . . Highest-Rated Ally . | . . . . . Total Orders . | . . . . . Ally Attacks . | . . . . . Total Damage . | . . . . . Kills . | . . . . . Allies Corrupted . | . . . . . Allies Melted . | . . . . . Intel | -11 -10 -10 -9 -9 ------- Run | Scr Mat Min Mat Sto Robot Analysis Total 1 | . 1 . . . Derelict Logs Recovered 1 | . . 1 . . Drone Launches . | . . . . . Drone Recoveries . | . . . . . Exploration | -11 -10 -10 -9 -9 ------------- Run | Scr Mat Min Mat Sto Turns Passed 1837 | 105 757 243 340 392 Spaces Moved 819 | 54 338 124 169 134 Core 6 | 6 . . . . Treads 813 | 48 338 124 169 134 Legs . | . . . . . Wheels . | . . . . . Hover . | . . . . . Flight . | . . . . . Fastest Speed 50 | 50 160 160 160 160 Average Speed 159 | 147 160 160 160 160 Slowest Speed 180 | 160 180 160 160 160 Overloaded Moves . | . . . . . Propulsion Burnouts . | . . . . . Robots Hopped . | . . . . . Cave-ins Triggered . | . . . . . Exploration Rate (%) 25 | 6 49 36 16 22 Regions Visited 4 Branch Regions 2 Pre-discovered Areas 3 | . 1 1 . 1 Known Exits Taken . | . . . . . Unknown Exits Taken 4 | 1 1 1 1 . Scrap Searched . | . . . . . Spaces Dug . | . . . . . Terrain Destroyed 49 | . . 49 . . Melee . | . . . . . Projectile . | . . . . . AOE 49 | . . 49 . . Terrain Rammed . | . . . . . Walls Destroyed . | . . . . . Machines Disabled . | . . . . . Actions | -11 -10 -10 -9 -9 --------- Run | Scr Mat Min Mat Sto Total 1141 | 68 500 150 209 214 Wait 90 | . 76 . 10 4 Move 815 | 53 337 123 168 134 Hop . | . . . . . Pick Up 28 | 4 13 5 5 1 Fast Attach 10 | 7 1 . . 2 Attach 9 | . 1 3 3 2 Detach . | . . . . . Swap 19 | . 8 1 3 7 Drop 24 | . 9 2 4 9 Fire 142 | 4 54 14 16 54 Melee . | . . . . . Ram . | . . . . . Kick . | . . . . . Crush 4 | . 1 2 . 1 Escape Stasis . | . . . . . Rewire . | . . . . . Trap . | . . . . . Miscellaneous . | . . . . . Route ------- -11/Scrapyard -10/Materials -10/Mines -9/Materials -9/Storage (discovered 1 exit: Rec) History --------- Turn | Location | Event 8 | -11/Scrapyard | Discovered new exit (range 15) 106 | -11/Scrapyard | Entered Materials 300 | -10/Materials | Build established: Mutant 624 | -10/Materials | Repaired Lgt. Treads 829 | -10/Materials | Discovered new exit (range 7) 863 | -10/Materials | Entered Mines 870 | -10/Mines | Received a Rocket Launcher from a helpful Derelict 899 | -10/Mines | Learned location of Zion (-7) 915 | -10/Mines | Met a Derelict bent on vengeance 991 | -10/Mines | Assembled infested the area 1040 | -10/Mines | Discovered new exit (range 16) 1049 | -10/Mines | Destroyed 17 combat bots 1059 | -10/Mines | Lost 3 parts (1p2w) 1106 | -10/Mines | Entered Materials 1106 | -9/Materials | Evolved 2 slots: Utility x2 1406 | -9/Materials | Discovered new exit (range 10) 1409 | -9/Materials | Build established: Scavenger-Mutant 1446 | -9/Materials | Entered Storage 1676 | -9/Storage | Identified exit to Recycling 1686 | -9/Storage | Garrison activated, responded to threat 1838 | -9/Storage | Self-destructed Last Messages --------------- 01785_ K-01 Serf collects debris. 01789_ Dropped Sml. Storage Unit. 01789_ K-01 Serf collects debris. 01790_ Acquired 72 matter. 01792_ K-01 Serf collects debris. 01793_ Acquired 5 matter. 01795_ K-01 Serf collects debris. 01805_ Acquired 33 matter. 01805_ K-01 Serf collects debris. 01807_ Acquired 4 matter. 01808_ K-01 Serf collects debris. 01809_ G-34 Mercenary destroyed. 01809_ K-01 Serf collects debris. 01810_ Acquired 4 matter. 01812_ K-01 Serf collects debris. 01822_ R-06 Scavenger collects Flight Unit. 01826_ R-06 Scavenger collects Lgt. Ion Engine. 01831_ R-06 Scavenger collects Lgt. Treads. 01832_ Y-45 Defender destroyed. 01835_ Terminal disabled. Map ----- +----------------------------------------------------+ | ?????????????????????????????????????????????????? | | ?????????????????????????????????????????????????? | | ?????????????????????????????????????????????????? | | ?????????????????????????????????????????????????? | | ?????????????????????????????????????????????????? | | ?????????????????????????????????????????????????? | | ?????????????????????????????????????????????????? | | ?????????????????????????????????????????????????? | | ?????????????????????????????????????????????????? | | ?????????????????????????????????????????????????? | | ?????????????????????????????????????????????????? | | ?????????????????????????????????????????????????? | | ?????????????????????????????????????????????????? | | ???????????????????????#####?????????????????????? | | ???????????????????????# #?????????????????????? | | ???????????????????????# #?????????????????????? | | ???????????????????????# #?????????????????????? | | ???????????????????????# #?????????????????##### | | ???????????????????????# #?????????????????# | | ???????????????????????+ +?????????????????# "" | | ???????????????????????# #???????????????### "" | | ???????????????????????# a #???????????????#"" "" | | ???????????????????????# #???????????????#"Y "" | | ??????????????????????## ##??????????????#""! | | ??????????????????????# #??????????????###%!"" | | ??????????????????????# %@ ###########??????#[="" | | ??????????????????????#[! %%+ ! #??????# "" | | ??????????????????#####g= ### #??????# "" | | ???????????![ % % g * #?#!== ######## | | ??????????????# #########+##### * # #####+ | | ????????????????????#*=%=[ #[ # | | ????????????????????# """" # =+% % | | ?????????????????????????" # # | | ?????????????????????????" # # ###### | | ?????????????????????????" # ## ##????? | | ?????????????????????????" # ## #?##### | | ?????????????????????????" # ## #?# | | ????????????????????????? ########## #?# | | ?????????????????????????######????????# #?# """ | | ???????????????????????????????????????# #?# """ | | ???????????????????????????????????????# #?# """ | | ???????????????????????????????????????# #?# | | ???????????????????????????????????????# % #?# | | ??????????????????????????????????????## ##? | | ??????????????????????????????######### ####+# | | ??????????????????????????? | | ??????????????????????????? | | ??????????????????????????? | | ???????????????????????????############ ###### | | ??????????????????????????????????????#######????? | +----------------------------------------------------+ Best States ------------- Heat Dissipation 42 Energy Generation 10 Energy Capacity 250 Matter Stores 300 Matter Capacity 300 Sight Range 16 Terrain Scan Density 10 Armor Coverage 150 Evasion (%) 40 Recoil Reduction 2 Item Schematics ----------------- None Robot Schematics ------------------ None Fabricated ------------ Nothing Alien Tech Used ----------------- None Achievements -------------- None Challenges ------------ None Game ------ Seed SystemThermalReconstructor Manual? 0 Play Time 00:12:42 Cumulative 626.3 hours Start 2020.10.02 @ 13:02:44 End 2020.10.02 @ 13:12:59 Sessions 1 Manual Loads 0 Difficulty Rogue Special Mode None Game No. 961 Rogue 961 Adventurer 0 Explorer 0 Win Type - Total 59 Types 38/1/7/10/3/0/0/0/0 Lore% 93 Gallery% 94 Achievement% 82 Wizard Run 0 Options --------- ASCII 1 Keyboard 0 Movement Numpad Keybinds 0 Fullscreen 0 Font 14/SmallcapsGlow Map View 76x50 Tactical HUD 1 Map Filters NONE Filters NONE Steam 1 RUN: e21341ca-a681-497a-9b84-ff7e69310a48